 Dungeon Crawl Stone Soup version 0.22-a0-159-g7ce444f (webtiles) character file.

40273 KristoblXynda the Carver (level 13, -17/101 HPs)
             Began as a Green Draconian Gladiator on Feb 9, 2018.
             Was a High Priest of Hepliaklqana.
             Demolished by a phantasmal warrior (23 damage)
             ... on level 14 of the Dungeon.
             The game lasted 00:40:53 (16819 turns).

KristoblXynda the Carver (DrGl)                    Turns: 16819, Time: 00:40:55

Health: -17/101    AC: 14    Str: 25    XL:     13   Next: 73%
Magic:  19/19      EV: 18    Int: 11    God:    Hepliaklqana [*****.]
Gold:   585        SH:  7    Dex: 13    Spells: 17/21 levels left

rFire    . . .     SeeInvis .   C - +1 long sword (elec)
rCold    . . .     Gourm    .   h - +2 buckler {reflect}
rNeg     . . .     Faith    .   (armour unavailable)
rPois    +         Spirit   .   b - +1 hat
rElec    .         Reflect  +   K - scarf {repulsion}
rCorr    .         Harm     .   L - +2 pair of gloves {Str+3}
MR       .....                  M - +1 pair of boots
Stlth    +.........             t - amulet of the acrobat
HPRegen  0.26/turn              E - +3 ring of strength
MPRegen  0.16/turn              B - ring of wizardry

@: about to teleport, short of breath, repel missiles
A: breathe noxious fumes, unfitting armour, reduced essence, poison resistance,
cold-blooded, AC +8
a: Breathe Noxious Fumes, Recall Ancestor, Ancestor Identity, Transference,
Idealise, Renounce Religion


You were on level 14 of the Dungeon.
You worshipped Hepliaklqana.
Hepliaklqana was extremely pleased with you.
You were not hungry.

You visited 2 branches of the dungeon, and saw 15 of its levels.
You also visited: Sewer.

You collected 777 gold pieces.
You spent 192 gold pieces at shops.

Inventory:

Hand Weapons
 C - a +1 long sword of electrocution (weapon)
 D - a +4 scimitar
Missiles
 c - 3 throwing nets (quivered)
Armour
 b - a +1 hat (worn)
 h - a +2 buckler of reflection (worn)
 r - a +0 cloak
 K - a scarf of repulsion (worn)
 L - a +2 pair of gloves of strength (worn)
 M - a +1 pair of boots (worn)
Jewellery
 t - an amulet of the acrobat (around neck)
 v - an uncursed ring of protection from fire
 B - a ring of wizardry (right hand)
 E - a +3 ring of strength (left hand)
 O - a cursed amulet of inaccuracy {unknown}
Wands
 e - a wand of digging (46)
 m - a wand of disintegration (13)
 w - a wand of paralysis (25)
 N - a wand of scattershot (2)
Scrolls
 g - 7 scrolls of teleportation
 i - 5 scrolls of fog
 j - a scroll of fear
 k - 3 scrolls of magic mapping
 l - 4 scrolls of remove curse
 o - a scroll of enchant armour
 y - 3 scrolls of blinking
 R - a scroll of immolation
Potions
 a - 2 potions of mutation
 f - a potion of curing
 s - 2 potions of ambrosia
 u - 2 potions of flight
 x - 3 potions of magic
 z - 3 potions of berserk rage
 A - 6 potions of brilliance
 G - 4 potions of lignification
 H - a potion of agility
 P - a potion of cancellation
Books
 q - a book of Misfortune

   Spells                             Type                      Level
   a - Confusing Touch                Hexes                        1
   b - Confuse                        Hexes                        3
   c - Gell's Gravitas                Translocation                3
   d - Petrify                        Transmutation/Earth          4
   e - Metabolic Englaciation         Hexes/Ice                    5
   f - Yara's Violent Unravelling     Hexes/Transmutation          5
 F - a book of Callings

   Spells                             Type                      Level
   a - Summon Small Mammal            Summoning                    1
   b - Call Imp                       Summoning                    2
   c - Call Canine Familiar           Summoning                    3
   d - Summon Guardian Golem          Hexes/Summoning              3
   e - Summon Lightning Spire         Summoning/Air                4
   f - Summon Ice Beast               Ice/Summoning                4
 I - a book of Enchantments

   Spells                             Type                      Level
   a - Cause Fear                     Hexes                        4
   b - Yara's Violent Unravelling     Hexes/Transmutation          5
   c - Silence                        Hexes/Air                    5
   d - Deflect Missiles               Charms/Air                   6
   e - Discord                        Hexes                        8
 J - a book of the Sky

   Spells                             Type                      Level
   a - Summon Lightning Spire         Summoning/Air                4
   b - Silence                        Hexes/Air                    5
   c - Deflect Missiles               Charms/Air                   6
   d - Conjure Ball Lightning         Conjuration/Air              6
   e - Tornado                        Air                          9
Miscellaneous
 p - a phial of floods
Comestibles
 d - 25 rations


   Skills:
 - Level 10.0 Fighting
 - Level 14.1 Long Blades
 - Level 3.0 Throwing
 - Level 10.8 Dodging
 - Level 4.1 Shields
 + Level 4.5 Spellcasting
 + Level 8.6 Invocations
 + Level 7.8 Evocations


You had 17 spell levels left.
You knew the following spells:

 Your Spells              Type           Power        Failure   Level  Hunger
a - Summon Lightning Spi  Summ/Air       #.......     63%         4    ####...


Dungeon Overview and Level Annotations

Branches:
Dungeon (14/15)            Temple (1/1) D:5            Lair (0/6) D:9
    Orc (0/2) D:12         Vaults (0/5) D:13

Altars:
Ashenzari
Cheibriados
Dithmenos
Elyvilon
Fedhas
Gozag
Hepliaklqana
Kikubaaqudgha
Makhleb
Nemelex Xobeh
Okawaru
Qazlal
Ru
Sif Muna
Trog
Uskayaw
Vehumet
Wu Jian
Xom
Yredelemnul
Zin
The Shining One

Shops:
D:8 [

Annotations:
D:3 mhoghedin's ghost, amateur DrIE
D:10 2 transporters


Innate Abilities, Weirdness & Mutations

You can breathe blasts of noxious fumes.
Your lurid green scales are hard. (AC +8)
You cannot fit into any form of body armour.
Your system is resistant to poisons. (rPois)
You are cold-blooded and may be slowed by cold attacks.
Your life essence is reduced to manifest your ancestor. (-10% HP)


Message History

The blast of choking fumes hits the phantasmal warrior.
The phantasmal warrior completely resists.
You feel somewhat more hungry.
The vault guard is engulfed in noxious fumes.
The vault guard hits you with a war axe of venom.
* * * LOW HITPOINT WARNING * * *
The phantasmal warrior blinks!
The phantasmal warrior blinks!
The phantasmal warrior completely misses you.
The vault guard is engulfed in noxious fumes.
The vault guard appears confused.
The vault guard closely misses the vault guard.
Unknown command.
As you read the scroll of teleportation, it crumbles to dust.
You feel strangely unstable.
The vault guard is engulfed in noxious fumes.
The vault guard appears confused.
The phantasmal warrior hits you!!
* * * LOW HITPOINT WARNING * * *
The phantasmal warrior hits you!!
You die...

..#....##......
#.#.######.....
#.#.# ##...#
#...# ##'##
#.### #.... #.#
#..## ##.#
##..##
###..#####
#.....
#@W.##....
##....
#W###...8.
#...#
##p##§....[
#..##
#p§#....###
#....
#.§§))..#)+
##.##
####)...### #.#
#...... #.##
#...8. #.##
#.... #.##


You could see 2 vault guards and 2 phantasmal warriors.

Vanquished Creatures
  Josephine (D:14)
  8 vault guards
  3 centaur warriors
  4 two-headed ogres
  A deep troll earth mage (D:14)
  A tengu warrior (D:13)
  A deep elf archer (D:13)
  A wizard (D:13)
  Pikel (D:9)
  5 ugly things
  A cyclops (D:12)
  A deep elf mage (D:14)
  4 centaur zombies
  The ghost of KristoblXynda the Nimble, a novice SpBe of Trog (D:7)
  A komodo dragon (D:12)
  The ghost of EnegeticOcto the Skirmisher, an amateur NaWr of Okawaru (D:4)
  2 meliai (D:13)
  A queen bee (D:8)
  7 trolls
  Sigmund (D:6)
  3 hippogriffs
  A vampire (D:13)
  A tarantella (shapeshifter) (D:13)
  A redback (shapeshifter) (D:14)
  3 water elementals (D:13)
  4 wraiths
  A hungry ghost (D:12)
  A human (shapeshifter) (D:14)
  5 wyverns
  12 yaks
  16 humans (D:13)
  5 vampire mosquitoes (D:14)
  Menkaure (D:5)
  Duvessa (D:5)
  A water moccasin (D:5)
  3 ice beasts
  2 sky beasts
  6 orc warriors
  2 black bears
  A hornet zombie (D:12)
  12 ogres
  5 phantoms
  A slave (D:9)
  8 centaurs
  4 crocodiles
  A big kobold (D:8)
  12 bullfrogs
  A gnoll sergeant (D:8)
  4 scorpions
  A wyvern skeleton (D:13)
  14 killer bees (D:8)
  10 wights
  2 howler monkeys
  5 crimson imps
  A quasit (D:7)
  A centaur skeleton (D:8)
  5 hounds
  5 orc priests
  2 jellies
  A bullfrog skeleton (D:10)
  2 hexers
  4 iguanas
  Ijyb (D:3)
  21 orc wizards
  12 worker ants
  A hound zombie (D:5)
  A hound skeleton (D:5)
  A worker ant zombie (D:11)
  Robin (D:4)
  2 howler monkey skeletons
  2 gnolls (D:8)
  11 adders
  3 river rats (Sewer)
  A shadow imp (D:9)
  3 oozes
  3 worms
  A dart slug (D:2)
  2 leopard geckos (D:5)
  36 orcs
  11 ball pythons
  2 giant cockroaches
  16 goblins
  6 hobgoblins
  15 jackals
  9 kobolds
  3 quokkas
  6 bats
  3 frilled lizards
  A jackal skeleton (D:4)
  A leopard gecko skeleton (D:7)
  A quokka skeleton (D:4)
  28 rats
421 creatures vanquished.

Vanquished Creatures (collateral kills)
  Harold (D:11)
  A hydra (D:12)
  An ugly thing (D:14)
  2 gargoyles
  A yaktaur (D:13)
  A troll (D:13)
  2 wraiths (D:14)
  4 yaks
  4 humans (D:13)
  A hungry ghost (D:9)
  An orc warrior (D:12)
  A sky beast (D:8)
  A black bear (D:9)
  A phantom (D:8)
  2 ogres (D:7)
  An eye of draining (D:8)
  A bullfrog (D:10)
  Dowan (D:5)
  A crimson imp (D:7)
  2 orc priests
  6 orc wizards
  A centaur skeleton (D:6)
  2 worker ants
  A gnoll (D:8)
  7 orcs
  A jackal (D:11)
  A quokka (D:12)
  A ball python (D:7)
  A kobold (D:8)
51 creatures vanquished.

Vanquished Creatures (others)
  A sky beast (D:12)
  9 hexers
  A worker ant (D:14)
  An ancestor (D:5)
  An orc (D:11)
  32 fungi (D:9)
  9 plants (D:9)
54 creatures vanquished.

Grand Total: 526 creatures vanquished

Notes
Turn   | Place    | Note
-------+----------+-------------------------------------------
     0 | D:1      | KristoblXynda the Draconian Gladiator began the quest for the Orb.
     0 | D:1      | Reached XP level 1. HP: 17/17 MP: 1/1
   239 | D:1      | You fall through a shaft!
   357 | D:2      | Reached XP level 2. HP: 23/24 MP: 2/2
   385 | D:2      | Noticed an ogre
   397 | D:2      | Killed an ogre
   397 | D:2      | Reached XP level 3. HP: 18/29 MP: 3/3
   397 | D:2      | Reached XP level 4. HP: 22/36 MP: 4/4
   752 | D:2      | Reached skill level 4 in Long Blades
  1271 | D:3      | Reached XP level 5. HP: 38/41 MP: 5/5
  1643 | D:3      | Noticed mhoghedin's ghost (amateur DrIE)
  1643 | D:3      | Noticed Ijyb
  1654 | D:3      | Killed Ijyb
  1665 | D:3      | HP: 2/41 [mhoghedin's ghost (10)]
  2320 | D:4      | Noticed EnegeticOcto's ghost (amateur NaWr)
  2384 | D:4      | Noticed an ogre
  2395 | D:4      | Killed an ogre
  2395 | D:4      | Reached skill level 5 in Long Blades
  2395 | D:4      | Reached XP level 6. HP: 12/48 MP: 6/6
  2751 | D:4      | Noticed Robin
  3062 | D:4      | Reached skill level 6 in Long Blades
  3105 | D:4      | Noticed a sky beast
  3129 | D:4      | Killed a sky beast
  3129 | D:4      | Your scales start taking on a lurid green colour.
  3129 | D:4      | Reached XP level 7. HP: 49/55 MP: 7/7
  3129 | D:4      | Gained mutation: Your system is resistant to poisons. (rPois) [Green Draconian growth]
  3292 | D:4      | Killed Robin
  3746 | D:4      | Reached skill level 5 in Dodging
  3844 | D:5      | Entered Level 5 of the Dungeon
  3872 | D:5      | Found a staircase to the Ecumenical Temple.
  3887 | D:5      | Noticed Menkaure
  3898 | D:5      | Killed Menkaure
  3898 | D:5      | Reached skill level 7 in Long Blades
  3984 | D:5      | Found a glowing drain.
  3990 | Sewer    | Entered a sewer
  4490 | Sewer    | Reached XP level 8. HP: 47/61 MP: 8/8
  4626 | Temple   | Entered the Ecumenical Temple
  4813 | Temple   | Became a worshipper of Hepliaklqana the Forgotten
  4889 | D:5      | Reached skill level 8 in Long Blades
  4934 | D:5      | Noticed Duvessa
  4936 | D:5      | Noticed Dowan
  4952 | D:5      | Killed Dowan
  4956 | D:5      | Killed Duvessa
  5214 | D:5      | Reached skill level 9 in Long Blades
  5858 | D:6      | Reached * piety under Hepliaklqana
  5944 | D:6      | Reached XP level 9. HP: 48/60 MP: 9/9
  6086 | D:6      | Reached skill level 10 in Long Blades
  6134 | D:6      | Noticed Sigmund
  6140 | D:6      | Killed Sigmund
  6663 | D:7      | Noticed KristoblXynda's ghost (novice SpBe)
  6698 | D:7      | Killed KristoblXynda's ghost
  6698 | D:7      | Reached skill level 11 in Long Blades
  7090 | D:7      | Reached ** piety under Hepliaklqana
  7093 | D:7      | Remembered your ancestor Ntombi as a hexer
  7265 | D:4      | Killed EnegeticOcto's ghost
  7600 | D:8      | Reached XP level 10. HP: 69/70 MP: 10/10
  7841 | D:8      | Found Duopnuj's Antique Armour Boutique.
  7847 | D:8      | Bought a glowing scarf for 192 gold pieces
  7922 | D:8      | Reached skill level 5 in Fighting
  7999 | D:8      | Reached skill level 12 in Long Blades
  8428 | D:8      | Found a deep blue altar of Sif Muna.
  9119 | D:9      | Identified a scroll of acquirement
  9346 | D:9      | Reached skill level 1 in Shields
  9410 | D:9      | Reached XP level 11. HP: 36/81 MP: 11/11
  9828 | D:9      | Found a staircase to the Lair.
  9994 | D:9      | Noticed Pikel
 10007 | D:9      | Killed Pikel
 10007 | D:9      | Reached skill level 13 in Long Blades
 10027 | D:9      | Noticed a two-headed ogre
 10035 | D:9      | Killed a two-headed ogre
 10078 | D:9      | Reached *** piety under Hepliaklqana
 10813 | D:10     | Entered Level 10 of the Dungeon
 10842 | D:10     | Noticed a fire crab
 10845 | D:10     | Noticed a fire crab
 10848 | D:10     | Found a transporter.
 10851 | D:10     | Found a transporter.
 11631 | D:11     | Noticed Harold
 11657 | D:11     | Killed Harold
 12221 | D:11     | Reached **** piety under Hepliaklqana
 12756 | D:12     | Noticed a two-headed ogre
 12773 | D:12     | Killed a two-headed ogre
 12773 | D:12     | Reached skill level 14 in Long Blades
 13021 | D:12     | Noticed an eight-headed hydra
 13350 | D:12     | Killed an 11-headed hydra
 13350 | D:12     | Reached skill level 10 in Dodging
 13350 | D:12     | Reached skill level 1 in Invocations
 13350 | D:12     | Reached skill level 1 in Evocations
 13350 | D:12     | Reached XP level 12. HP: 26/90 MP: 12/12
 13639 | D:12     | Found a staircase to the Orcish Mines.
 13863 | D:12     | Reached ***** piety under Hepliaklqana
 13906 | D:12     | Noticed a two-headed ogre
 13919 | D:12     | Killed a two-headed ogre
 14179 | D:13     | Found a gate to the Vaults.
 14179 | D:13     | Noticed a vault guard
 14179 | D:13     | Noticed a vault guard
 14200 | D:13     | Killed a vault guard
 14229 | D:13     | Killed a vault guard
 14316 | D:13     | Noticed a tengu warrior
 14330 | D:13     | Killed a tengu warrior
 14330 | D:13     | Reached skill level 5 in Invocations
 14351 | D:13     | Learned a level 4 spell: Summon Lightning Spire
 14478 | D:13     | Noticed a centaur warrior
 14498 | D:13     | Killed a centaur warrior
 14498 | D:13     | Reached skill level 5 in Evocations
 14509 | D:13     | Noticed a two-headed ogre
 14517 | D:13     | Killed a two-headed ogre
 14528 | D:13     | Reached XP level 13. HP: 58/101 MP: 17/17
 14982 | D:13     | Reached skill level 10 in Fighting
 15671 | D:13     | Reached skill level 1 in Spellcasting
 15886 | D:14     | Noticed Josephine
 15959 | D:14     | Killed Josephine
 16798 | D:14     | Found the +0 sword of Power
 16819 | D:14     | Demolished by a phantasmal warrior

Vault maps used:
D:1:      minmay_arrival_semitransparent
D:3:      uniq_ijyb
D:4:      first_ration, uniq_robin
D:5:      minmay_temple_entry_glass, gup_sewer_entry_bubbles, uniq_duvessa,
          uniq_menkaure
D:6:      uniq_sigmund
D:8:      wad_arrow_thing, led_sif_book, serial_shops, nicolae_shop_trees,
          david_nohive_1
D:9:      due_lair_maze_entry_diamond, uniq_pikel
D:10:     gammafunk_wand_slinger, eino_small_chamber_without_monster
D:11:     uniq_harold
D:12:     orc_0_dummy, kennysheep_generic_room_8
D:13:     grunt_vaults_entry_tiered, nicolae_underground_beach
D:14:     minmay_guarded_unrand_sword_of_power, minmay_misc_feat_rows,
          uniq_josephine
Temple:   roderic_octagonal_lattice_temple
Sewer:    sewer_minmay_w

Skill      XL: |  1  2  3  4  5  6  7  8  9 10 11 12 13 |
---------------+----------------------------------------+-----
Throwing       | 2 3 |  3.0
Dodging        | 3 4 5 6 7 9 10 | 10.8
Long Blades    | 4 5 6 7 9 11 12 14 | 14.1
Fighting       | 4 6 7 9 10 | 10.0
Shields        | 1 4 |  4.1
Invocations    | 1 5 8 |  8.6
Evocations     | 1 5 7 |  7.8
Spellcasting   | 4 |  4.5

Action                   |  1- 3 |  4- 6 |  7- 9 | 10-12 | 13-15 || total
-------------------------+-------+-------+-------+-------+-------++-------
Melee: Long sword        |    20 |   171 |   366 |   630 |   188 ||  1375
       Tailslap          |     6 |    27 |    49 |   118 |    43 ||   243
Throw: Throwing net      |     1 |     1 |       |       |       ||     2
Invok: Ancestor Life: He |       |       |     1 |       |       ||     1
 Abil: Breathe Noxious F |       |       |     9 |    29 |     7 ||    45
Evoke: Wand              |       |       |     5 |     4 |     4 ||    13
       Phial of floods   |       |       |       |     1 |       ||     1
  Use: Potion            |       |     5 |     1 |     6 |     1 ||    13
       Scroll            |       |     6 |     8 |    20 |     5 ||    39
 Stab: Sleeping          |       |     1 |       |     1 |     1 ||     3
       Confused          |       |       |     5 |    27 |     1 ||    33
       Distracted        |       |       |     2 |     8 |       ||    10
  Eat: Chunk             |       |     3 |     7 |    14 |     3 ||    27
       Ration            |       |     2 |     2 |     4 |     2 ||    10
Armor: Skin              |     4 |    88 |   101 |   111 |    32 ||   336
Dodge: Dodged            |    10 |   179 |   308 |   451 |    93 ||  1041
       Deflected         |       |       |       |     5 |       ||     5
Block: Buckler           |       |       |       |   109 |    35 ||   144
       Reflection        |       |       |       |    14 |     1 ||    15
       Rpst.: Long sword |     5 |    46 |    97 |   108 |    26 ||   282

Table legend:
 A = Spawn XP
 B = Non-spawn XP
 C = Spawn XP percentage of total XP
 D = Spawn monster count
 E = Non-spawn monster count
 F = Spawn count percentage of total count
 G = Total turns spent on level
                    A         B        C        D         E        F      G
               +---------+---------+-------+---------+---------+-------+---------
         Total |       0 |   57534 |   0.0 |       0 |     470 |   0.0 | 16819
               +---------+---------+-------+---------+---------+-------+---------
           D:1 |       0 |      18 |   0.0 |       0 |      11 |   0.0 |   587
           D:2 |       0 |     167 |   0.0 |       0 |      15 |   0.0 |   690
           D:3 |       0 |     123 |   0.0 |       0 |      16 |   0.0 |  1092
           D:4 |       0 |     971 |   0.0 |       0 |      30 |   0.0 |  1689
           D:5 |       0 |    1226 |   0.0 |       0 |      25 |   0.0 |  1125
           D:6 |       0 |    1095 |   0.0 |       0 |      20 |   0.0 |   768
           D:7 |       0 |    1162 |   0.0 |       0 |      20 |   0.0 |   779
           D:8 |       0 |    4143 |   0.0 |       0 |      57 |   0.0 |  1415
           D:9 |       0 |    6555 |   0.0 |       0 |      57 |   0.0 |  1859
          D:10 |       0 |    1104 |   0.0 |       0 |      19 |   0.0 |   818
          D:11 |       0 |    2907 |   0.0 |       0 |      29 |   0.0 |  1083
          D:12 |       0 |    5451 |   0.0 |       0 |      22 |   0.0 |  1248
          D:13 |       0 |   17889 |   0.0 |       0 |      67 |   0.0 |  1902
          D:14 |       0 |   14392 |   0.0 |       0 |      34 |   0.0 |   955
         Sewer |       0 |     331 |   0.0 |       0 |      48 |   0.0 |   603
               +---------+---------+-------+---------+---------+-------+---------
